 Dungeon Crawl Stone Soup version 0.29-a0-356-g7bc237e783 (webtiles) character file.

Game seed: 3405010720860308306

377 spaghetti the Cutter (level 6, 0/70 HPs)
             Began as a Demonspawn Berserker on Apr 25, 2022.
             Was a Believer of Trog.
             Succumbed to an orc wizard's poison
             ... on level 4 of the Dungeon.
             The game lasted 00:05:10 (4184 turns).

spaghetti the Cutter (Demonspawn Berserker)         Turns: 4184, Time: 00:05:10

Health: 0/70       AC:  3    Str: 18    XL:     6   Next: 45%
Magic:  15/15      EV: 12    Int: 10    God:    Trog [**....]
Gold:   125        SH:  0    Dex: 14    Spells: 5/5 levels left

rFire   . . .      SeeInvis .   a - +0 hand axe {axe}
rCold   . . .      Faith    .   (no shield)
rNeg    . . .      Spirit   .   b - +0 animal skin
rPois   .          Reflect  .   (helmet restricted)
rElec   .          Harm     .   n - +0 cloak
rCorr   .          Rampage  .   (no gloves)
Will    .....                   (no boots)
Stlth   ..........              (no amulet)
HPRegen 0.21/turn               f - ring of magical power
MPRegen 0.14/turn               (no ring)

@: berserking, lethally poisoned (0 -> -23), very quick
A: antennae 2, thin skeletal structure 1, demonic magic 1
a: Renounce Religion, Berserk, Trog's Hand


You were on level 4 of the Dungeon.
You worshipped Trog.
Trog was pleased with you.
You visited 1 branch of the dungeon, and saw 4 of its levels.

You collected 125 gold pieces.


Innate Abilities, Weirdness & Mutations

You have a pair of antennae on your head.
You have a somewhat thin skeletal structure. (Dex +2, Stealth+)
Spells you cast may paralyse adjacent enemies.


   Skills:
 - Level 3.0 Fighting
 + Level 5.5 Short Blades
 - Level 3.4 Axes
 - Level 1.8 Armour
 - Level 1.8 Dodging


You had 5 spell levels left.
You didn't know any spells.
Your spell library contained the following spells:

 Spells                   Type           Power      Damage    Failure   Level
 Shock                    Conj/Air       0%         1d3       36%         1
 Sublimation of Blood     Necr           0%         N/A       50%         2
 Wereblood                Tmut           0%         N/A       50%         2
 Swiftness                Air            0%         N/A       75%         3
 Airstrike                Air            0%         N/A       98%         4
 Summon Hydra             Summ           0%         N/A       100%        7

Inventory:

Hand Weapons
 a - a +0 hand axe (weapon) {axe}
 t - a +3 whip {mace}
   (You took it off an orc on level 3 of the Dungeon)
Missiles
 h - 136 stones (quivered) {throwing}
 q - 2 atropa-tipped darts {throwing}
 x - 2 throwing nets {=f!fthrowing}
Armour
 b - a +0 animal skin (worn)
 n - a +0 cloak (worn)
   (You found it on level 1 of the Dungeon)
Jewellery
 f - a ring of magical power (left hand)
   (You found it on level 1 of the Dungeon)
Scrolls
 c - 5 scrolls of identify {unknown}
 e - 3 scrolls of amnesia {unknown}
 j - a scroll of magic mapping {unknown}
 k - 2 scrolls of enchant weapon {unknown}
 o - a scroll of fog {unknown}
 r - a scroll of blinking {unknown}
 s - a scroll of holy word {unknown}
 u - a scroll of immolation {unknown}
 v - a scroll of noise {unknown}
Potions
 d - a potion of attraction {unknown}
 g - 4 potions of curing {@q1}
 i - 2 potions of degeneration {unknown}
 l - a potion of might {unknown}
 m - a potion of haste {unknown}
 p - a potion of brilliance {unknown}
 w - 2 potions of mutation {unknown}

Dungeon Overview and Level Annotations

Branches:
Dungeon (4/15)
 Temple: D:4-7

Altars:

Shops:
D:1

( #.#.......# #.#
#.#.......# #.#
#.#.......# #.#
#.#.......# #.#
#.#...##### #.# #.#...#
#.# #.#...##### #o#
#.#........ #@#
#..........
.###+#$################
........................
........###############.
......(.# #.......
.......># #.>.....
........# #.......
........# #.......
.....!..# #.......


You could see an orc.


Message History

You pick up a book of Air {forbidden} and begin reading...
You add the spells Shock, Swiftness and Airstrike to your library.
x - 2 throwing nets {=f!fthrowing} You sense a monster nearby.
No target in view! 2 orcs and an orc wizard come into view.
The orc wizard is wielding a +2 dagger of venom.
Found a red potion.
Found a stone staircase leading down.
There are monsters nearby!
There are monsters nearby!
The orc wizard shouts!
The orc shouts!
You see here 6 gold pieces.
The orc shouts!
The orc barely misses you.
You barely miss the orc. You closely miss the orc wizard.
You hit the orc wizard but do no damage.
The orc wizard misses you.
You closely miss the orc wizard.
The orc wizard hits you with a +2 dagger of venom.
You are poisoned. 😕 HP[-2]
You take 2 damage, and now have 45/47 hp.
Unknown command.
You barely miss the orc wizard.
You feel very sick.
The orc wizard hits you with a +2 dagger of venom.
You are more poisoned. 😕 HP[-5]
You take 5 damage, and now have 40/47 hp.
A red film seems to cover your vision as you go berserk!
You feel yourself moving faster!
You feel mighty!
You feel very sick.
The orc wizard closely misses you. 😕 HP[+16]
You now have 70 max hp (+23).
You regained 16 hp, and now have 56/70 hp.
You closely miss the orc wizard.
You feel sick.
The orc wizard hits you with a +2 dagger of venom.
You are more poisoned. 😕 HP[-3]
You take 3 damage, and now have 53/70 hp.
You completely miss the orc wizard.
You feel very sick.
The orc wizard hits you with a +2 dagger of venom.
You are more poisoned. 😮 HP[-7]
You take 7 damage, and now have 46/70 hp.
Unknown command.
You slash the orc wizard!
You feel very sick.
The orc wizard hits you but does no damage.
You are more poisoned. 😮 HP[-5]
You take 5 damage, and now have 41/70 hp.
Unknown command.
You closely miss the orc wizard.
* * * LOW HITPOINT WARNING * * *
You feel extremely sick. 😨 HP[-7]
You take 7 damage, and now have 34/70 hp.
You barely miss the orc wizard.
* * * LOW HITPOINT WARNING * * *
You feel very sick.
The orc wizard hits you with a +2 dagger of venom.
* * * LOW HITPOINT WARNING * * *
You are more poisoned. 😨 HP[-8]
You take 8 damage, and now have 26/70 hp.
Unknown command.
You barely miss the orc wizard.
* * * LOW HITPOINT WARNING * * *
You feel extremely sick.
The orc wizard hits you but does no damage.
You are more poisoned. 😨 HP[-7]
You take 7 damage, and now have 19/70 hp.
Unknown command.
You hit the orc wizard.
You kill the orc wizard!
Trog accepts your kill.
Trog appreciates your killing of a magic user.
* * * LOW HITPOINT WARNING * * *
You feel very sick. 😱 HP[-5]
You take 5 damage, and now have 14/70 hp.
You slash the orc!
You kill the orc!
Trog accepts your kill.
* * * LOW HITPOINT WARNING * * *
You feel very sick. 😱 HP[-6]
You take 6 damage, and now have 8/70 hp.
You closely miss the orc.
* * * LOW HITPOINT WARNING * * *
You feel very sick. 😱 HP[-4]
You take 4 damage, and now have 4/70 hp.
You closely miss the orc.
You die...

Skill      XL: |  1  2  3  4  5 |
---------------+----------------+-----
Axes           | 3 |  3.4
Short Blades   | 1 2 3 5 |  5.5
Fighting       | |  3.0
Armour         | |  1.8
Dodging        | |  1.8

Action                   |  1- 3 |  4- 6 || total
-------------------------+-------+-------++-------
Melee: Hand axe          |   109 |    81 ||   190
       Punch             |     2 |       ||     2
Invok: Berserk           |     4 |     4 ||     8
 Stab: Distracted        |     1 |       ||     1
       Sleeping          |     3 |     4 ||     7
Armor: Animal skin       |    24 |    16 ||    40
Dodge: Dodged            |    59 |    41 ||   100

Levels and vault maps discovered:
D:1:      amcnicky_arrival_single_pillar, layout_basic, serial_shops,
          nicolae_shop_hallway_stairs
D:2:      layout_basic, ebering_ecumenical_altar_petrified,
          kennysheep_big_empty_room, st_stairs_7
D:3:      layout_basic
D:4:      layout_basic, nicolae_overflow_hallway_of_the_gods,
          minmay_fractal_squares_5

Notes
Turn   | Place    | Note
-------+----------+-------------------------------------------
     0 | D:1      | spaghetti the Demonspawn Berserker began the quest for the
                  | Orb.
     0 | D:1      | Reached XP level 1. HP: 18/18 MP: 1/1
     0 | D:1      | magus.rc [v1.9.6]
    46 | D:1      | You pick up a book of Blood {forbidden} and begin
                  | reading...
    46 | D:1      | You add the spells Sublimation of Blood, Wereblood and
                  | Summon Hydra to your library.
   244 | D:1      | Reached skill level 3 in Axes
   475 | D:1      | Gained mutation: You have a pair of small antennae on your
                  | head. [demonic ancestry]
   475 | D:1      | Reached XP level 2. HP: 24/24 MP: 2/2
   527 | D:1      | Found Hosch's Weapon Emporium.
   888 | D:1      | Reached skill level 1 in Short Blades
   982 | D:1      | Gained mutation: You have a pair of antennae on your head.
                  | [demonic ancestry]
   982 | D:1      | Reached XP level 3. HP: 23/29 MP: 3/3
  1223 | D:2      | HP: 10/43 [poisoned by an adder]
  1612 | D:2      | Reached skill level 2 in Short Blades
  1636 | D:2      | Reached ** piety under Trog
  1750 | D:2      | Found a faded altar of an unknown god.
  2515 | D:3      | Gained mutation: You have a somewhat thin skeletal
                  | structure. (Dex +2, Stealth+) [demonic ancestry]
  2515 | D:3      | Reached XP level 4. HP: 27/35 MP: 4/4
  2824 | D:3      | Reached skill level 3 in Short Blades
  3088 | D:3      | Gained mutation: Spells you cast may paralyse adjacent
                  | enemies. [demonic ancestry]
  3088 | D:3      | Reached XP level 5. HP: 41/41 MP: 5/5
  3466 | D:3      | Reached skill level 4 in Short Blades
  3815 | D:4      | Noticed a phantom
  3821 | D:4      | Killed a phantom
  3822 | D:4      | Reached skill level 5 in Short Blades
  3822 | D:4      | Reached XP level 6. HP: 33/47 MP: 6/6
  4130 | D:4      | You pick up a book of Air {forbidden} and begin reading...
  4130 | D:4      | You add the spells Shock, Swiftness and Airstrike to your
                  | library.
  4181 | D:4      | HP: 14/70 [poisoned by an orc wizard]
  4183 | D:4      | HP: 4/70 [poisoned by an orc wizard]
  4184 | D:4      | Succumbed to an orc wizard's poison

Vanquished Creatures
  A phantom (D:4)
  A scorpion (D:4)
  2 orc priests
  An iguana (D:3)
  2 orc wizards
  3 adders
  3 worms
  2 dart slugs
  8 orcs
  3 ball pythons
  2 endoplasms
  2 giant cockroaches
  8 hobgoblins
  3 jackals (D:1)
  2 kobolds
  3 quokkas
  6 bats
  2 frilled lizards
  6 goblins
  4 rats
64 creatures vanquished.

Table legend:
 A = Non-vault XP
 B = Vault XP
 C = Vault XP percentage of total XP
 D = Non-vault monster count
 E = Vault monster count
 F = Vault count percentage of total count
                 A         B        C        D         E       F
            +---------+---------+-------+---------+---------+-------
      Total |     538 |       1 |   0.2 |      63 |       1 |   1.6
            +---------+---------+-------+---------+---------+-------
        D:1 |      43 |       0 |   0.0 |      23 |       0 |   0.0
        D:2 |      50 |       1 |   2.0 |      13 |       1 |   7.1
        D:3 |     162 |       0 |   0.0 |      18 |       0 |   0.0
        D:4 |     283 |       0 |   0.0 |       9 |       0 |   0.0
            +---------+---------+-------+---------+---------+-------

Illustrated notes

Table legend:
 A = Kills in this place as a percentage of kills in entire the game.
 B = Kills by you in this place as a percentage of kills by you in the entire game.
 C = Kills by friends in this place as a percentage of kills by friends in the entire game.
 D = Other kills in this place as a percentage of other kills in the entire game.
 E = Experience gained in this place as a percentage of experience gained in the entire game.
 F = Experience gained in this place divided by the number of levels of this place that you have seen.
                   A       B       C       D       E      F
               +-------+-------+-------+-------+-------+----------------------
         Total | 100.0 | 100.0 |   N/A |   N/A | 100.0 | 134.8
       Dungeon | 100.0 | 100.0 |   N/A |   N/A | 100.0 | 134.8
               +-------+-------+-------+-------+-------+----------------------

Table legend: (Time is in decaauts)
 A = Elapsed time spent in this place.
 B = Non-inter-level travel time spent in this place.
 C = Inter-level travel time spent in this place.
 D = Time resting spent in this place.
 E = Time spent auto-exploring this place.
 F = Levels seen in this place.
 G = Mean time per level.
                   A        B        C        D        E       F      G
               +--------+--------+--------+--------+--------+-----+--------+
         Total |   4263 |   4083 |    180 |   1450 |   2162 |   4 | 1065.8 |
       Dungeon |   4263 |   4083 |    180 |   1450 |   2162 |   4 | 1065.8 |
               +--------+--------+--------+--------+--------+-----+--------+

Top non-repeatable levels by time:
     D:3: 1440 daAuts
     D:2: 1223 daAuts
     D:1: 1207 daAuts
     D:4: 392 daAuts
